 Dungeon Crawl Stone Soup version 0.31-a0-154-g56bf346678 (webtiles) character file.

Game seed: 10495780102555615299

889 Moral the Gusty (level 8, -6/64 HPs)
             Began as a Naga Air Elementalist on June 12, 2023.
             Was an Initiate of Cheibriados.
             Mangled by Menkaure (23 damage)
             ... on level 6 of the Dungeon.
             The game lasted 00:15:18 (4614 turns).

Moral the Gusty (Naga Air Elementalist)             Turns: 4614, Time: 00:15:19

Health: -6/64      AC:  3    Str: 12    XL:     8   Next: 6%
Magic:  23/23      EV: 10    Int: 18    God:    Cheibriados [......]
Gold:   257        SH:  0    Dex: 13    Spells: 12/15 levels left

rFire   . . .        (no weapon)
rCold   . . .        (no shield)
rNeg    . . .        a - +0 robe
rPois   +            (no helmet)
rElec   .            (no cloak)
rCorr   .            (no gloves)
SInv    +            (no barding)
Will    .....        (no amulet)
Stlth   ++           c - ring of wizardry
HPRegen 0.30/turn    f - ring of magical power
MPRegen 0.18/turn

%: wizardry (x1)
@: weak-willed, very slow
A: AC +2, large, see invisible, deformed body, poison resistance, slowness 2,
spit poison 1, naga tail 1
a: Spit Poison, Renounce Religion


You were on level 6 of the Dungeon.
You worshipped Cheibriados.
Cheibriados was noncommittal.
You visited 2 branches of the dungeon, and saw 7 of its levels.

You collected 257 gold pieces.

Inventory:

Hand Weapons
 e - a +1 flail of holy wrath
Armour
 a - a +0 robe (worn)
Jewellery
 c - a ring of wizardry (left hand)
 f - a ring of magical power (right hand)
 s - a ring of fire
Wands
 h - a wand of digging (10)
 n - a wand of roots (4)
Scrolls
 m - a scroll of amnesia
 o - a scroll of silence
Potions
 g - a potion of berserk rage
 i - 2 potions of degeneration {unknown}
 k - a potion of attraction {unknown}
 l - a potion of resistance
 q - a potion of might {unknown}


   Skills:
 + Level 1.2 Fighting
 + Level 2.0 Dodging
 + Level 4.0 Stealth
 + Level 4.0 Spellcasting
 * Level 5.1 Conjurations
 * Level 6.1 Air Magic


You had 12 spell levels left.
You knew the following spells:

 Your Spells              Type           Power      Damage    Failure   Level
a - Shock                 Conj/Air       92%        1d8       1%          1
b - Static Discharge      Conj/Air       46%        2-4/arc   1%          2

Your spell library contained the following spells:

 Spells                   Type           Power      Damage    Failure   Level
 Swiftness                Air            25%        N/A       1%          3
 Airstrike                Air            12%        2d(2-18)  4%          4
 Necrotise                Necr           12%        1d4       6%          1
 Vampiric Draining        Necr           3%         2d6       17%         3
 Agony                    Necr           3%         N/A       82%         5


Dungeon Overview and Level Annotations

Branches:
Dungeon (6/15)             Temple (1/1) D:5

Altars:
Ashenzari
Cheibriados
Dithmenos
Elyvilon
Fedhas
Gozag
Kikubaaqudgha
Okawaru
Qazlal
Ru
Uskayaw
Vehumet
Xom
Yredelemnul
Zin
The Shining One

Shops:
D:6 *

Annotations:
D:6 Menkaure


Innate Abilities, Weirdness & Mutations

Your serpentine skin is tough. (AC +2)
You have supernaturally acute eyesight. (SInv)
Armour fits poorly on your strangely shaped body.
Your system is resistant to poisons. (rPois)
You cover ground very slowly.
You can spit poison.
You have a snake-like lower body.


Message History

Beogh smites you!
* * * LOW HITPOINT WARNING * * *
An orc comes into view. It is wielding a +0 short sword.
Things that are here:
a +0 club; a +0 chain mail; an orc corpse
As you read the scroll labelled MUAFIAZ ADEPN, it crumbles to dust.
It is a scroll of enchant weapon.
Your +0 flail of holy wrath glows red for a moment.
Menkaure calls on the powers of darkness!
The orc convulses!
Your body is wracked with pain!
* * * LOW HITPOINT WARNING * * *
As you read the scroll labelled FUDIHAREACERGH, it crumbles to dust.
You feel aware of your surroundings.
You sensed 1 altar.
It was a scroll of magic mapping.
Menkaure points at you and mumbles some strange words.
You resist with significant effort.
As you read the scroll labelled RORA GUETESU, it crumbles to dust.
Magic quickly surges around you.
It was a scroll of vulnerability.
You feel better.
An orc comes into view. It is wielding a +0 whip.
The orc priest calls upon Beogh to heal the orc.
The orc's wounds heal themselves!
Menkaure casts a spell.
Menkaure seems to speed up.
The orc priest hits you with a +0 flail.
* * * LOW HITPOINT WARNING * * *
The orc closely misses you.
The orc priest attacks as you move away!
The orc priest hits you with a +0 flail.
* * * LOW HITPOINT WARNING * * *
The orc attacks as you move away! The orc hits you with a +0 short sword.
* * * LOW HITPOINT WARNING * * *
The orc hits you but does no damage.
You feel better.
Menkaure calls on the powers of darkness!
The orc priest convulses!
The orc convulses! x2
Your body is wracked with pain!
* * * LOW HITPOINT WARNING * * *
You feel better. The orc closely misses you. Menkaure hits you!!
You die...

,,,,,,,,>,,*,>,,...........####
,,,,,,,,,,,*,,,,......)...##..##
,,**,,,,,,,*,,,,...............#
,,**,,,,,,,#.,,,...............#
,,**,,**,,*#.#**###..###..##..##
,,**,,##+###.######..###..#####
,,**,,#...........#........#
,,**,,#....≈≈≈≈≈..#........#
,,**,,*#......∩≈@o#........#
,,***###...≈≈≈≈≈M##........#
****,........##oo##........#
,,**,............##...##..##
,,**,.##..$.†.)..##...#####
,,**,,*#...†......#....#
,,**,,,+..........#....#
****,,*#+###.###......##
,,,,,,**,,*#.#*########


You could see Menkaure (fast, weak-willed), an orc priest (weak-willed) and 2
orcs.

Vanquished Creatures
  A water moccasin (D:4)
  An orc warrior (D:4)
  An ogre (D:5)
  A bullfrog (D:6)
  4 scorpions
  2 jellies (D:5)
  2 hounds
  2 iguanas
  A sleepcap (D:5)
  Ijyb (D:4)
  An adder (D:4)
  A shadow imp (D:5)
  A white imp (D:5)
  2 ufetubi (D:6)
  A dart slug (D:2)
  6 orcs
  8 ball pythons
  5 endoplasms
  5 giant cockroaches
  A goblin (D:1)
  5 hobgoblins
  3 jackals (D:2)
  8 kobolds
  2 quokkas
  4 bats
  3 frilled lizards
  4 rats
76 creatures vanquished.

Notes
Turn   | Place    | Note
-------+----------+-------------------------------------------
     0 | D:1      | Moral the Naga Air Elementalist began the quest for the
                  | Orb.
     0 | D:1      | Reached XP level 1. HP: 15/15 MP: 3/3
   220 | D:1      | Reached XP level 2. HP: 22/22 MP: 3/5
   812 | D:1      | Reached XP level 3. HP: 28/28 MP: 3/6
  1323 | D:2      | Learned a level 2 spell: Static Discharge
  1399 | D:2      | Found a faded altar of an unknown god.
  2200 | D:3      | You fall into a shaft and drop 1 floor!
  2224 | D:4      | Noticed a water moccasin
  2311 | D:4      | Reached XP level 4. HP: 18/36 MP: 1/8
  2635 | D:4      | Found a broken altar of Ashenzari.
  2641 | D:4      | Reached skill level 4 in Air Magic
  2645 | D:4      | Noticed an orc warrior
  2717 | D:4      | Noticed Ijyb
  2729 | D:4      | Killed Ijyb
  2730 | D:4      | Reached XP level 5. HP: 14/42 MP: 6/9
  2900 | D:4      | Killed a water moccasin
  2901 | D:4      | Reached XP level 6. HP: 4/50 MP: 7/10
  3142 | D:4      | Killed an orc warrior
  3453 | D:5      | Entered Level 5 of the Dungeon
  3530 | D:5      | Found a staircase to the Ecumenical Temple.
  3586 | D:5      | Found a hide-covered altar of Uskayaw.
  3628 | D:5      | Reached skill level 5 in Air Magic
  3705 | D:5      | Reached XP level 7. HP: 52/56 MP: 12/12
  3840 | Temple   | Entered the Ecumenical Temple
  3997 | Temple   | Became a worshipper of Cheibriados the Contemplative
  4176 | D:5      | Reached skill level 1 in Fighting
  4482 | D:6      | Noticed Menkaure
  4560 | D:6      | Found Funyefy's General Store.
  4586 | D:6      | Reached skill level 5 in Conjurations
  4588 | D:6      | Reached XP level 8. HP: 31/64 MP: 6/14
  4595 | D:6      | Reached skill level 6 in Air Magic
  4614 | D:6      | Mangled by Menkaure

Illustrated notes

Levels and vault maps discovered:
D:1:      dpeg_arrival_shrine, layout_loops_ring, minmay_tromino_v2
D:2:      layout_basic, chequers_ecumenical_altar_island
D:3:      kennysheep_goblin_castle, layout_basic, grunt_decor_one_mirror,
          minmay_misc_feat_enclosed
D:4:      nicolae_BIG_FREAKIN_CUBE, layout_basic, evilmike_ruin_ashenzari,
          uniq_ijyb
D:5:      layout_basic, mainiacjoe_overflow_catwalk,
          minmay_temple_entry_stoned_glass, minivault_23
D:6:      layout_gridville, nzn_wu_jian_contemplation, serial_shops,
          nicolae_shop_peninsula, uniq_menkaure
Temple:   nicolae_temple_superstar

Skill      XL: |  1  2  3  4  5  6  7  8 |
---------------+-------------------------+-----
Conjurations   | 2 3 4 5 |  5.1
Air Magic      | 4 5 6 |  6.1
Spellcasting   | 3 4 |  4.0
Fighting       | 1 |  1.2
Dodging        | 2 |  2.0
Stealth        | 4 |  4.0

Action                     |  1- 3 |  4- 6 |  7- 9 || total
---------------------------+-------+-------+-------++-------
  Melee: Unarmed           |     8 |       |       ||     8
   Cast: Shock             |    69 |    50 |    44 ||   163
         Static Discharge  |     6 |    26 |     8 ||    40
Ability: Spit Poison       |     7 |     1 |     1 ||     9
    Use: Scroll            |     7 |     2 |     3 ||    12
         Potion            |       |     1 |     4 ||     5
 Armour: Robe              |     5 |     7 |     4 ||    16
  Dodge: Dodged            |    16 |    11 |    15 ||    42

Table legend: (Time is in decaauts)
 A = Elapsed time spent in this place.
 B = Non-inter-level travel time spent in this place.
 C = Inter-level travel time spent in this place.
 D = Time resting spent in this place.
 E = Time spent auto-exploring this place.
 F = Levels seen in this place.
 G = Mean time per level.
                   A        B        C        D        E       F      G
               +--------+--------+--------+--------+--------+-----+--------+
         Total |   5763 |   5498 |    265 |    681 |   4024 |   7 |  823.3 |
       Dungeon |   5497 |   5273 |    224 |    681 |   3930 |   6 |  916.2 |
        Temple |    266 |    226 |     40 |      0 |     93 |   1 |  266.0 |
               +--------+--------+--------+--------+--------+-----+--------+

Top non-repeatable levels by time:
     D:1: 1599 daAuts
     D:4: 1432 daAuts
     D:5: 1191 daAuts
     D:2: 1085 daAuts
  Temple: 266 daAuts
     D:6: 136 daAuts
     D:3: 52 daAuts
